 Dungeon Sprint DCSS version 0.21.1-1-g345015f (webtiles) character file.

6001 Fang the Fighter (level 10, -6/91 HPs)
             Began as a Demonspawn Berserker on Apr 18, 2018.
             Was the Champion of Trog.
             Mangled by a spriggan rider
             ... wielding a +0 spear
              (8 damage)
             ... in the Dungeon (Sprint V: "Ziggurat Sprint").
             The game lasted 00:07:38 (1423 turns).

Fang the Fighter (Demonspawn Berserker)             Turns: 1423, Time: 00:07:38

Health: -6/91      AC: 20    Str: 27    XL:     10   Next: 55%
Magic:  10/10      EV:  9    Int:  8    God:    Trog [******]
Gold:   0          SH: 20    Dex: 13    Spells: 9/9 levels left

rFire    . . .     SeeInvis .   a - +10 falchion "Kydoso" {flame, +Rage rElec}
rCold    . . .     Gourm    .   k - +3 large shield
rNeg     . . .     Faith    .   j - +5 shadow dragon scales
rPois    .         Spirit   .   (helmet unavailable)
rElec    +         Reflect  .   (no cloak)
rCorr    .         Harm     .   (no gloves)
MR       .....     NoTele   +   (no boots)
Stlth    +++.......             (no amulet)
HPRegen  0.25/turn              G - ring of flight
MPRegen  0.12/turn              F - +6 ring of strength

@: berserk cooldown, slowed, studying 2 skills, very slow
A: horns 3, yellow scales 1
a: Berserk, Trog's Hand, Brothers in Arms, Burn Spellbooks, Renounce Religion,
Evoke Berserk Rage, Evoke Flight


You were in the Dungeon.
You worshipped Trog.
Trog was exalted by your worship.
You were near starving.

You visited 1 branch

Inventory:

Hand Weapons
 a - the +10 falchion "Kydoso" (weapon) {flame, +Rage rElec}
   (You found it in the Dungeon)

   It has been specially enchanted to burn those struck by it, causing extra
   injury to most foes and up to half again as much damage against particularly
   susceptible opponents.
   Big, fiery blades are also staple armaments of hydra-hunters.
   It insulates you from electricity.
   It lets you go berserk.
 m - a +9 demon trident
 B - the +8 mithril axe "Arga" {speed, MR+}
   (You found it in the Dungeon)

   Attacks with this weapon are significantly faster.
   It affects your resistance to hostile enchantments.
Armour
 j - +5 shadow dragon scales (worn)
 k - a +3 large shield (worn)
Jewellery
 F - a +6 ring of strength (right hand)
 G - a ring of flight (left hand)
Wands
 x - a wand of disintegration (7)
 y - a wand of iceblast (7)
 z - a wand of acid (7)
Scrolls
 i - 4 scrolls of blinking
 n - 7 scrolls of fog
 o - 5 scrolls of identify
 p - 5 scrolls of remove curse
 q - 2 scrolls of fear
Potions
 d - 10 potions of curing
 e - 10 potions of heal wounds
 f - 6 potions of haste
 g - 7 potions of magic
 h - 3 potions of berserk rage
 r - 2 potions of brilliance
 s - 2 potions of invisibility
 t - 4 potions of resistance
 v - 5 potions of agility
 w - 5 potions of might
Books
 u - a manual of Unarmed Combat
 D - a manual of Crossbows
Miscellaneous
 b - a sack of spiders
 l - a lamp of fire
 A - a fan of gales
Comestibles
 c - 7 rations


   Skills:
 + Level 12.8 Fighting
 + Level 4.3 Long Blades
 + Level 11.2(11.7) Axes
 + Level 5.2(9.0) Polearms
 + Level 8.5 Armour
 + Level 7.2 Dodging
 + Level 3.9 Stealth
 + Level 7.7 Shields
 * Level 7.6 Unarmed Combat
 + Level 1.1 Evocations


You had 9 spell levels left.
You didn't know any spells.

Dungeon Overview and Level Annotations

Branches:
Dungeon (1/1)

Altars:
Ashenzari
Cheibriados
Dithmenos
Elyvilon
Fedhas
Gozag
Hepliaklqana
Kikubaaqudgha
Makhleb
Nemelex Xobeh
Okawaru
Qazlal
Ru
Sif Muna
Trog
Uskayaw
Vehumet
Wu Jian
Xom
Yredelemnul
Zin
The Shining One
Beogh
Jiyva
Lugonu

Annotations:
D 1 transporter


Innate Abilities, Weirdness & Mutations

You have a pair of large horns on your head.
You are partially covered in yellow scales. (AC +2)


Message History

You block the spriggan rider's attack.
Unknown command.
Things that are here:
a quarterstaff; a robe; a spriggan corpse Unknown command.
You slash the black bear! You burn the black bear.
The black bear is heavily wounded.
You are no longer berserk.
You are exhausted.
You feel yourself slow down. You block the black bear's attack. x3
The spriggan rider hits you but does no damage.
Unknown command.
You block the black bear's attack. x3
The spriggan rider hits you with a spear.
* * * LOW HITPOINT WARNING * * *
The black bear bites you.
* * * LOW HITPOINT WARNING * * *
The black bear claws you but does no damage. x2
The spriggan rider hits you with a spear!
You die...

▓▓▓▓▓▓▓▓▓▓▓▓▓▓▓▓▓▓▓
▓...8©8...▓
▓..|:):=..▓
▓...|)=|..▓
▓.........▓
▓.........▓
▓.........▓
▓...i.....▓
▓.▓.)@).▓.▓
▓...)©h...▓
▓▓▓▓▓▓▓▓▓▓▓


You could see a spriggan rider and a black bear.

Vanquished Creatures
  A dancing weapon (D)
  A spriggan druid (D)
  A deep elf mage (D)
  A hornet (D)
  A wyvern (shapeshifter) (D)
  4 spriggans (D)
  A chaos spawn (D)
  2 fire elementals (D)
  A steam dragon (shapeshifter) (D)
  2 nagas (D)
  A porcupine (D)
  A water moccasin (D)
  4 black bears (D)
  2 necrophages (D)
  4 wolves (D)
  A tengu (shapeshifter) (D)
  2 wights (D)
  A crimson imp (D)
  2 quasits (D)
  An iron imp (D)
  2 iguanas (D)
  5 adders (D)
  2 shadow imps (D)
  An adder zombie (D)
  A bat skeleton (D)
  A bat zombie (D)
  2 jackals (D)
  A jackal skeleton (D)
  A leopard gecko zombie (D)
  A quokka skeleton (D)
  A fire vortex (D)
52 creatures vanquished.

Vanquished Creatures (others)
  A worm (shapeshifter) (D)
1 creature vanquished.

Grand Total: 53 creatures vanquished

Notes
Turn   | Place    | Note
-------+----------+-------------------------------------------
     0 | D        | Found the +6 Majin-Bo {vamp, Archmagi MP+6 Int+6}
     0 | D        | Found the +7 great mace "Firestarter" {inner flame, rF++}
     0 | D        | Fang the Demonspawn Berserker began the quest for the Orb.
     0 | D        | Reached XP level 1. HP: 18/18 MP: 1/1
     3 | D        | Found a blossoming altar of Fedhas.
     5 | D        | Found a viscous altar of Jiyva.
     5 | D        | Found a hazy altar of Hepliaklqana.
     5 | D        | Found a transporter.
     5 | D        | Found an opulent altar of Gozag.
     5 | D        | Found an ancient bone altar of Kikubaaqudgha.
     5 | D        | Found a corrupted altar of Lugonu.
    11 | D        | Found a burning altar of Makhleb.
    12 | D        | Found a stormy altar of Qazlal.
    12 | D        | Found a sacrificial altar of Ru.
    12 | D        | Found an iron altar of Okawaru.
    12 | D        | Found a deep blue altar of Sif Muna.
    12 | D        | Found a sparkling altar of Nemelex Xobeh.
    12 | D        | Found a bloodstained altar of Trog.
    79 | D        | Entered arena 2.
    79 | D        | Noticed a deep elf mage
    79 | D        | Noticed a short sword of venom
    79 | D        | Found a transporter.
    83 | D        | Killed a deep elf mage
    83 | D        | Reached skill level 9 in Fighting
    83 | D        | Gained mutation: You have a pair of small horns on your head. [demonic ancestry]
    83 | D        | Reached XP level 2. HP: 34/34 MP: 2/2
    83 | D        | Reached XP level 3. HP: 40/40 MP: 3/3
    83 | D        | Reached XP level 4. HP: 46/46 MP: 4/4
    83 | D        | Reached XP level 5. HP: 52/52 MP: 5/5
    83 | D        | Reached XP level 6. HP: 59/59 MP: 6/6
    85 | D        | Killed a short sword of venom
    85 | D        | Reached ** piety under Trog
    85 | D        | Reached skill level 11 in Fighting
    85 | D        | Reached skill level 10 in Axes
    85 | D        | Reached skill level 1 in Polearms
    85 | D        | Reached skill level 5 in Armour
    85 | D        | Reached skill level 5 in Dodging
    85 | D        | Gained mutation: You have a pair of horns on your head. [demonic ancestry]
    85 | D        | Reached XP level 7. HP: 68/68 MP: 7/7
    85 | D        | Reached XP level 8. HP: 75/75 MP: 8/8
   265 | D        | Entered arena 3.
   265 | D        | Found a transporter.
   266 | D        | Found the +3 salamander hide armour {+Rage rF++}
   286 | D        | Gained mutation: You are partially covered in yellow scales. (AC +2) [demonic ancestry]
   286 | D        | Reached XP level 9. HP: 71/82 MP: 9/9
   329 | D        | Entered arena 4.
   329 | D        | Found a transporter.
   335 | D        | Reached *** piety under Trog
   335 | D        | Reached skill level 12 in Fighting
   344 | D        | Got the +10 falchion "Kydoso" {flame, +Rage rElec}
   353 | D        | Entered arena 5.
   353 | D        | Found a transporter.
   360 | D        | Reached **** piety under Trog
   370 | D        | Reached ***** piety under Trog
   405 | D        | Entered arena 6.
   405 | D        | Found a transporter.
   433 | D        | Entered arena 7.
   438 | D        | Reached ****** piety under Trog
   438 | D        | Reached skill level 1 in Unarmed Combat
   439 | D        | Reached skill level 5 in Polearms
   447 | D        | Reached skill level 1 in Long Blades
   451 | D        | Found a transporter.
   724 | D        | Entered arena 8.
   725 | D        | Found a transporter.
   730 | D        | Received a gift from Trog
   730 | D        | Gained mutation: You have a pair of large horns on your head. [demonic ancestry]
   730 | D        | Reached XP level 10. HP: 87/91 MP: 10/10
   741 | D        | Reached skill level 5 in Shields
   759 | D        | Entered arena 9.
   760 | D        | Found the +8 mithril axe "Arga" {speed, MR+}
   760 | D        | Found a transporter.
   764 | D        | Received a gift from Trog
   790 | D        | Reached skill level 5 in Unarmed Combat
   969 | D        | Entered arena 10.
   970 | D        | Found a transporter.
   992 | D        | Received a gift from Trog
  1009 | D        | HP: 4/91 [poisoned by a naga (splash of poison)]
  1015 | D        | HP: 4/91 [poisoned by a naga (splash of poison)]
  1022 | D        | HP: 4/91 [poisoned by a naga (splash of poison)]
  1404 | D        | Entered arena 11.
  1404 | D        | Noticed a spriggan rider
  1404 | D        | Noticed a spriggan rider
  1404 | D        | Noticed a spriggan druid
  1405 | D        | Found a transporter.
  1411 | D        | Killed a spriggan druid
  1414 | D        | Received a gift from Trog
  1414 | D        | Reached skill level 1 in Evocations
  1423 | D        | HP: 4/91 [spriggan rider/spear (2)]
  1423 | D        | Mangled by a spriggan rider

Skill      XL: |  1  2  3  4  5  6  7  8  9 10 |
---------------+-------------------------------+-----
Fighting       | 9 11 12 | 12.8
Axes           | 8 10 11 | 11.2
Armour         | 4 5 6 7 8 |  8.5
Dodging        | 4 5 6 7 |  7.2
Polearms       | 1 3 5 |  5.2
Stealth        | 2 3 |  3.9
Shields        | 2 4 7 |  7.7
Unarmed Combat | 4 7 |  7.6
Long Blades    | 2 4 |  4.3
Evocations     | 1 |  1.1

Action                   |  1- 3 |  4- 6 |  7- 9 | 10-12 || total
-------------------------+-------+-------+-------+-------++-------
Melee: Demon trident     |     3 |     2 |    17 |       ||    22
       Headbutt          |       |       |    13 |    17 ||    30
       Falchion          |       |       |    38 |    69 ||   107
Invok: Berserk           |     1 |       |     2 |     2 ||     5
       Burn Spellbooks   |       |       |     2 |     2 ||     4
Evoke: Fan of gales      |       |       |       |     1 ||     1
  Use: Potion            |       |       |     1 |       ||     1
       Scroll            |       |       |       |     4 ||     4
 Stab: Sleeping          |       |       |     1 |       ||     1
       Petrified         |       |       |       |     2 ||     2
  Eat: Chunk             |       |       |     2 |     2 ||     4
Armor: Shadow dragon sca |     4 |     1 |    67 |    95 ||   167
Dodge: Dodged            |       |     2 |    30 |    42 ||    74
Block: Large shield      |     1 |       |    96 |   159 ||   256
       Rpst.: Falchion   |       |       |     6 |    14 ||    20
